 Dungeon Crawl Stone Soup version 0.28.0 (webtiles) character file.

Game seed: 10785452226084003479

5574 pkoi the Frost Mage (level 10, 0/103 HPs)
             Began as a Pale Draconian Ice Elementalist on Feb 17, 2022.
             Was a Believer of Sif Muna.
             Succumbed to Erica's bolt of poison
             ... on level 7 of the Dungeon.
             The game lasted 00:18:32 (13585 turns).

pkoi the Frost Mage (DrIE)                         Turns: 13585, Time: 00:18:33

Health: 0/103      AC: 10    Str: 11    XL:     10   Next: 44%
Magic:  20/20      EV: 12    Int: 20    God:    Sif Muna [**....]
Gold:   218        SH:  0    Dex: 11    Spells: 8/22 levels left

rFire   . . .      SeeInvis .   r - +1 whip (elec)
rCold   . . .      Faith    .   (no shield)
rNeg    . . .      Spirit   .   (armour unavailable)
rPois   .          Reflect  .   v - +1 hat
rElec   .          Harm     .   (no cloak)
rCorr   .          Rampage  .   j - +1 pair of gloves
Will    .....                   (no boots)
Stlth   ..........              (no amulet)
HPRegen 0.27/turn               (no ring)
MPRegen 0.17/turn               (no ring)

@: berserking, lethally poisoned (0 -> -5), very quick
A: breathe steam, AC +7, unfitting armour, cold-blooded, steam resistance
a: Breathe Steam, Renounce Religion, Channel Magic


You were on level 7 of the Dungeon.
You worshipped Sif Muna.
Sif Muna was pleased with you.
You visited 2 branches of the dungeon, and saw 9 of its levels.
You also visited: Sewer.

You collected 358 gold pieces.
You spent 140 gold pieces at shops.

Inventory:

Hand Weapons
 a - a +0 dagger
 o - a +2 whip of freezing
 q - a +1 rapier of venom
 r - a +1 whip of electrocution (weapon)
 y - a +2 antimagic lajatang
Missiles
 g - 6 boomerangs
Armour
 j - a +1 pair of gloves (worn)
 v - a +1 hat (worn)
Jewellery
 k - a ring of positive energy
 u - a ring of fire
Wands
 l - a wand of flame (47)
 n - a wand of digging (8)
 p - a wand of paralysis (7)
 t - a wand of iceblast (9)
Scrolls
 x - a scroll of fog
 C - a scroll of magic mapping
Potions
 b - a potion of flight
 c - a potion of might
 f - a potion of haste
 h - 3 potions of magic
 s - a potion of resistance
 A - a potion of cancellation


   Skills:
 - Level 1.7 Dodging
 - Level 1.7 Stealth
 + Level 6.7 Spellcasting
 + Level 3.2 Conjurations
 * Level 13.2 Ice Magic
 + Level 2.3 Air Magic
 + Level 4.1 Invocations


You had 8 spell levels left.
You knew the following spells:

 Your Spells              Type           Power      Damage    Failure   Level
a - Freeze                Ice            100%       1d11      1%          1
b - Frozen Ramparts       Ice            100%       1d12      1%          3
c - Ozocubu's Armour      Ice            56%        N/A       1%          3
d - Hailstorm             Conj/Ice       39%        3d9       3%          4
e - Swiftness             Air            16%        N/A       11%         3

Your spell library contained the following spells:

 Spells                   Type           Power      Damage    Failure   Level
 Ensorcelled Hibernation  Hex/Ice        66%        N/A       1%          2
 Passwall                 Tmut/Erth      5%         N/A       14%         2
 Passage of Golubria      Tloc           6%         N/A       67%         4
 Silence                  Hex/Air        5%         N/A       86%         5
 Lehudib's Crystal Spear  Conj/Erth      6%         10d3      100%        8


Dungeon Overview and Level Annotations

Branches:
Dungeon (8/15)             Temple (1/1) D:6           Sewer (visited)
   Lair: D:8-11

Altars:
Ashenzari
Dithmenos
Elyvilon
Fedhas
Gozag
Hepliaklqana
Kikubaaqudgha
Okawaru
Qazlal
Ru
Sif Muna
Trog
Uskayaw
Vehumet
Wu Jian
Xom
Zin
The Shining One

Shops:
D:4 (   D:5 **([!*

Annotations:
D:6 Maggie
D:8 Erica


Innate Abilities, Weirdness & Mutations

You can breathe blasts of scalding, opaque steam.
Your pale cyan-grey scales are hard. (AC +7)
You cannot fit into any form of body armour.
You are cold-blooded and may be slowed by cold attacks.
You are immune to the effects of steam.


Message History

* * * LOW HITPOINT WARNING * * *
You feel very sick.
Something tries to affect you, but you resist.
You feel very sick.
You feel very sick.
You feel sick.
You feel better.
Something tries to affect you, but you resist.
You are confused.
You see here 18 arrows.
You bump into the rock wall.
You're too confused to move!
You feel less confused.
You hear some strange, mumbled words.
A bolt of poison appears from out of thin air!
The bolt of poison misses you.
There is a stone staircase leading up here.
You hear some strange, mumbled words.
A bolt of poison appears from out of thin air!
The bolt of poison hits you!
You are poisoned.
* * * LOW HITPOINT WARNING * * *
You climb upwards.
Reactivating autopickup.
* * * LOW HITPOINT WARNING * * *
You feel very sick.
There is a stone staircase leading down here.
Okay, then.
Unknown command.
Unknown command.
A red film seems to cover your vision as you go berserk!
You feel yourself moving faster!
You feel mighty!
* * * LOW HITPOINT WARNING * * *
You feel sick.
Unknown command.
You feel a strong urge to attack something.
* * * LOW HITPOINT WARNING * * *
You feel sick.
Unknown command.
You die...

##################
................@#
#############.####
####.########.#
...........##.#
####.#####.##.#
...#.# #.##.#
##.#.# #.##.#
#.#.#####'##'####
#.#.#...........#


There were no monsters in sight!

Vanquished Creatures
  Gastronok (D:8)
  Sigmund (D:4)
  A wyvern (D:8)
  Eustachio (D:4)
  A steam dragon (D:7)
  An acid dragon (D:8)
  3 water moccasins
  An orc warrior (D:8)
  An ice beast (D:6)
  A sky beast (D:5)
  A black bear (D:3)
  3 ogres
  A necrophage (D:5)
  2 centaurs
  5 phantoms
  3 kobold brigands
  5 bullfrogs
  4 scorpions
  2 water moccasin zombies (D:5)
  A wyvern zombie (D:6)
  A gnoll sergeant (D:6)
  A wyvern skeleton (D:7)
  A howler monkey (D:4)
  A centaur zombie (D:5)
  5 jellies
  2 orc priests (D:6)
  A bullfrog zombie (D:7)
  2 gnoll shamans
  8 hounds
  A centaur skeleton (D:4)
  A scorpion zombie (D:5)
  2 iguanas (D:5)
  An orc wizard (D:5)
  A hound skeleton (D:4)
  10 adders
  29 gnolls
  2 howler monkey zombies
  A white imp (D:7)
  3 worms
  7 dart slugs
  8 orcs
  A bat (D:2)
  20 endoplasms
  12 giant cockroaches
  10 goblins
  7 hobgoblins
  4 jackals (D:5)
  14 quokkas
  16 ball pythons
  14 frilled lizards
  15 kobolds
  5 rats
245 creatures vanquished.

Vanquished Creatures (others)
  A bush (D:8)
1 creature vanquished.

Grand Total: 246 creatures vanquished

Notes
Turn   | Place    | Note
-------+----------+-------------------------------------------
     0 | D:1      | pkoi the Draconian Ice Elementalist began the quest for the
                  | Orb.
     0 | D:1      | Reached XP level 1. HP: 14/14 MP: 3/3
   442 | D:1      | Reached XP level 2. HP: 13/20 MP: 3/5
   785 | D:1      | Found a faded altar of an unknown god.
  1477 | D:1      | Reached skill level 5 in Ice Magic
  1623 | D:1      | Reached XP level 3. HP: 26/26 MP: 4/6
  2706 | D:2      | Learned a level 3 spell: Frozen Ramparts
  2837 | D:2      | Reached XP level 4. HP: 33/33 MP: 2/7
  3589 | D:3      | Reached skill level 6 in Ice Magic
  4357 | D:4      | Noticed a black bear
  4361 | D:4      | Reached XP level 5. HP: 38/38 MP: 4/8
  4779 | D:3      | Killed a black bear
  4780 | D:3      | Reached skill level 7 in Ice Magic
  5003 | D:4      | Reached XP level 6. HP: 35/45 MP: 5/9
  5138 | D:4      | Noticed Eustachio
  5152 | D:4      | Killed Eustachio
  5153 | D:4      | Reached skill level 8 in Ice Magic
  5402 | D:4      | Your scales start taking on a pale cyan-grey colour.
  5402 | D:4      | Reached XP level 7. HP: 49/50 MP: 6/10
  5402 | D:4      | Gained mutation: You are immune to the effects of steam.
                  | [Pale Draconian growth]
  5608 | D:4      | Reached skill level 9 in Ice Magic
  5762 | D:4      | Learned a level 3 spell: Ozocubu's Armour
  5835 | D:4      | Noticed Sigmund
  5838 | D:4      | Killed Sigmund
  5868 | D:4      | Found Jiaroeq's Antique Weapon Boutique.
  6350 | D:5      | Entered Level 5 of the Dungeon
  6612 | D:5      | Reached XP level 8. HP: 45/57 MP: 9/12
  6698 | D:5      | Reached skill level 10 in Ice Magic
  7015 | D:5      | Found Iilory's Incredible Inventory.
  7078 | D:5      | Found Miveret's Assorted Antiques.
  7215 | D:5      | Found Maewn's Weapon Shop.
  7245 | D:5      | Found Edagyatzok's Armour Shoppe.
  7472 | D:5      | Reached skill level 11 in Ice Magic
  7926 | D:5      | Found Ludoy's Distillery.
  7935 | D:5      | Reached XP level 9. HP: 43/62 MP: 16/16
  8039 | D:5      | Bought a potion of haste for 140 gold pieces
  8050 | D:5      | Reached skill level 5 in Spellcasting
  8768 | D:5      | Reached skill level 12 in Ice Magic
  8982 | D:5      | Found Deiduhye's Assorted Antiques.
  9257 | D:6      | Found a staircase to the Ecumenical Temple.
  9280 | Temple   | Entered the Ecumenical Temple
  9646 | Temple   | Became a worshipper of Sif Muna the Loreminder
  9732 | D:6      | Found a glowing drain.
  9749 | Sewer    | Entered a sewer
  9937 | Sewer    | Reached * piety under Sif Muna
 10134 | Sewer    | Reached skill level 1 in Invocations
 10189 | D:6      | Reached ** piety under Sif Muna
 10443 | D:6      | Learned a level 4 spell: Hailstorm
 10533 | D:6      | Noticed Maggie
 10806 | D:6      | Reached skill level 1 in Conjurations
 12136 | D:7      | Reached XP level 10. HP: 63/69 MP: 12/19
 12180 | D:7      | Learned a level 3 spell: Swiftness
 12521 | D:8      | Noticed Gastronok
 12546 | D:8      | Killed Gastronok
 12547 | D:8      | Reached skill level 13 in Ice Magic
 13256 | D:8      | Noticed a red ugly thing
 13543 | D:8      | Noticed Erica
 13582 | D:7      | HP: 3/69 [poisoned by Erica (bolt of poison)]
 13584 | D:7      | HP: 1/103 [poisoned by Erica (bolt of poison)]
 13585 | D:7      | Succumbed to Erica's bolt of poison

Illustrated notes

Levels and vault maps discovered:
D:1:      giann_bridges, layout_basic,
          dreamdust_ecumenical_altar_hidden_monk_grotto, patterned_corridor
D:2:      layout_basic, minmay_worlds_worst_comb
D:3:      layout_loops_ring
D:4:      layout_loops_cross, serial_shops, shop,
          chequers_serial_rivers_large_a, uniq_eustachio, uniq_sigmund
D:5:      minmay_chambers_of_threes, layout_layer_cave, serial_shops,
          nicolae_shop_bloodbath_and_beyond, nicolae_square_shop,
          nicolae_shop_trees, nicolae_shop_overgrown_old_shop,
          nicolae_stop_n_shop_1, nicolae_alphabet_shops, palyth_stone_intersect,
          minmay_increasing_density
D:6:      layout_basic, minmay_temple_entry_proselytizer,
          cheibrodos_sewer_entry_bend, uniq_maggie
D:7:      layout_basic
D:8:      layout_basic, kb_lookout_dungeons_type, nicolae_fountain_basement,
          uniq_erica, uniq_gastronok
Temple:   hc_temple_tempest_star

Skill      XL: |  1  2  3  4  5  6  7  8  9 10 |
---------------+-------------------------------+-----
Ice Magic      | 5 6 7 8 9 11 12 13 | 13.2
Spellcasting   | 3 4 6 |  6.7
Invocations    | 3 4 |  4.1
Conjurations   | 2 3 |  3.2
Air Magic      | 2 |  2.3
Dodging        | |  1.7
Stealth        | |  1.7

Action                   |  1- 3 |  4- 6 |  7- 9 | 10-12 || total
-------------------------+-------+-------+-------+-------++-------
Melee: Dagger            |    33 |    20 |       |       ||    53
       Tailslap          |     7 |     6 |    45 |     8 ||    66
       Unarmed           |     2 |       |       |       ||     2
       Punch             |     1 |       |     4 |       ||     5
       Whip              |       |    19 |   151 |    24 ||   194
       Rapier            |       |       |   200 |    19 ||   219
 Cast: Freeze            |    66 |    36 |     3 |     8 ||   113
       Frozen Ramparts   |       |    10 |    38 |    10 ||    58
       Ozocubu's Armour  |       |       |     2 |    11 ||    13
       Hailstorm         |       |       |       |     1 ||     1
 Abil: Breathe Steam     |       |       |     6 |     2 ||     8
  Use: Scroll            |     4 |       |    13 |     2 ||    19
       Potion            |       |       |       |     3 ||     3
 Stab: Sleeping          |     2 |       |     2 |     1 ||     5
       Distracted        |       |       |     2 |       ||     2
Armor: Skin              |    26 |    35 |   146 |    28 ||   235
Dodge: Dodged            |    54 |    52 |   240 |    30 ||   376
